 Dungeon Crawl Stone Soup version 0.19.5 (webtiles) character file.

233 tidbits the Skirmisher (level 5, 0/38 HPs)
             Began as a High Elf Wanderer on Oct 28, 2017.
             Was a Believer of Uskayaw.
             Slain by tidbits's ghost (13 damage)
             ... on level 5 of the Dungeon.
             The game lasted 00:10:19 (1360 turns).

tidbits the Skirmisher (High Elf Wanderer)          Turns: 1360, Time: 00:10:19

Health: 0/38       AC: 10    Str: 11    XL:     5   Next: 75%
Magic:  7/7        EV: 14    Int: 14    God:    Uskayaw [**....]
Gold:   120        SH:  0    Dex: 17    Spells: 0 memorised, 6 levels left

rFire  . . .     SeeInvis .     b - +0 great sword
rCold  . . .     Gourm    .     B - +0 ring mail
rNeg   . . .     Faith    .     (shield currently unavailable)
rPois  .         Spirit   .     E - +0 helmet
rElec  .         Reflect  .     C - +0 cloak
rCorr  .         Harm     .     (no gloves)
MR     .....                    (no boots)
Stlth  ++........               (no amulet)
                                V - +2 ring of evasion
                                U - +3 ring of protection

@: lethally poisoned (0 -> -1)
A: no striking features
a: Stomp, Line Pass, Renounce Religion


You were on level 5 of the Dungeon.
You worshipped Uskayaw.
Uskayaw was noncommittal.
You were hungry.

You visited 1 branch of the dungeon, and saw 5 of its levels.

You collected 120 gold pieces.

Inventory:

Hand Weapons
 a - a +0 rapier
   (You found it on level 3 of the Dungeon)
 b - a +0 great sword (weapon)
   (You found it on level 5 of the Dungeon)
 k - a +0 hunting sling
   (You found it on level 2 of the Dungeon)
 o - a +0 dagger
Missiles
 h - 48 bolts
 i - 93 stones
 m - 34 arrows
 n - 2 throwing nets (quivered) {!f}
Armour
 e - a +0 leather armour
 w - a +0 shield
   (You found it on level 5 of the Dungeon)
 B - a +0 ring mail (worn)
   (You found it on level 2 of the Dungeon)
 C - a +0 cloak (worn)
   (You found it on level 2 of the Dungeon)
 E - a +0 helmet (worn)
   (You took it off Robin on level 3 of the Dungeon)
Jewellery
 U - a +3 ring of protection (left hand)
   (You found it on level 2 of the Dungeon)
 V - a +2 ring of evasion (right hand)
   (You found it on level 4 of the Dungeon)
Wands
 x - a wand of slowing (24/48)
   (You found it on level 5 of the Dungeon)
Scrolls
 d - 2 scrolls of teleportation
 l - a scroll of noise
 p - a scroll of recharging {unknown}
 q - 3 scrolls of blinking
 r - a scroll of enchant armour {unknown}
Potions
 g - a potion of heal wounds
 j - a potion of degeneration
Books
 c - Vehumet's Volume of Attacks

   Spells                             Type                      Level
   a - Searing Ray                    Conjuration                  2
   b - Throw Frost                    Conjuration/Ice              2
 s - a book of Changes
   (You found it on level 4 of the Dungeon)

   Spells                             Type                      Level
   a - Beastly Appendage              Transmutation                1
   b - Sticks to Snakes               Transmutation                2
   c - Spider Form                    Transmutation/Poison         3
   d - Ice Form                       Ice/Transmutation            4
   e - Blade Hands                    Transmutation                5
Comestibles
 f - 3 bread rations
 t - a beef jerky
 u - 2 fruits


   Skills:
 - Level 4.4 Fighting
 - Level 2.4(3.0) Short Blades
 + Level 2.6(3.1) Long Blades
 - Level 3.5 Dodging
 - Level 2.1 Stealth
 - Level 1.2 Spellcasting
   Level 1.2 Charms
   Level 1.0 Earth Magic


You had 6 spell levels left.
You didn't know any spells.

Dungeon Overview and Level Annotations

Branches:
Dungeon (5/15)
 Temple: D:4-7

Altars:
Ashenzari
Hepliaklqana
Sif Muna
Uskayaw

Annotations:
D:5 tidbits's ghost, amateur HEWn


Message History

You slash the scorpion!
The scorpion is heavily wounded.
You can now pass through a line of other dancers.
You barely miss the scorpion.
The scorpion is heavily wounded.
You feel sick.
The scorpion stings you but does no damage.
A ball python comes into view.
You barely miss the scorpion.
The scorpion is heavily wounded.
The scorpion stings you but does no damage.
The scorpion closely misses you.
You riposte.
The ball python hisses angrily.
You hit the scorpion.
The scorpion is heavily wounded.
You barely miss the scorpion.
The scorpion is heavily wounded.
You feel sick. The scorpion stings you!
* * * LOW HITPOINT WARNING * * *
An orc comes into view. It is wielding a dagger.
You slash the scorpion!
The scorpion is almost dead.
You feel sick. The scorpion stings you.
* * * LOW HITPOINT WARNING * * *
The scorpion closely misses you.
You riposte.
You closely miss the scorpion.
The scorpion is almost dead.
Uskayaw will force your foes to helplessly watch your dance.
Uskayaw prepares the audience for your solo!
The helpless scorpion fails to defend itself.
You hit the scorpion but do no damage.
The scorpion is almost dead.
You feel sick.
The ball python is no longer paralysed.
The scorpion is no longer paralysed.
The orc is no longer paralysed. x2
Tidbits's ghost is no longer paralysed.
The scorpion stings you but does no damage.
The scorpion closely misses you.
Evoke which item? (* to show all) (? for menu, Esc to quit)
Zapping:
x - a wand of slowing (30/48)
Press: ? - help, Shift-Dir - straight line, f/p - tidbits's ghost
Aim: tidbits's ghost (moderately damaged, chance to defeat MR: 34%)
The scorpion seems to slow down.
This wand has 29 charges left.
An orc priest comes into view.
You closely miss the scorpion.
The scorpion is almost dead.
You feel sick.
The scorpion stings you but does no damage.
The orc priest moves out of view.
An orc comes into view. It is wielding a dagger.
You slash the scorpion!
You kill the scorpion!
Your base Long Blades skill increases to level 2!
The orc barely misses you.
You riposte.
The orc priest shouts!
You hit the orc.
The orc is heavily wounded.
Okay, then.
You feel sick.
You feel much better. The orc closely misses you.
You hit the orc but do no damage.
The orc is heavily wounded.
The orc hits you but does no damage.
You slash the orc!
You kill the orc!
You feel sick.
Tidbits's ghost hits you but does no damage.
Evoke which item? (* to show all) (? for menu, Esc to quit)
Zapping:
x - a wand of slowing (29/48)
Press: ? - help, Shift-Dir - straight line, f/p - tidbits's ghost
Aim: tidbits's ghost (moderately damaged, chance to defeat MR: 34%) Tidbits's ghost easily resists.
This wand has 28 charges left.
Tidbits's ghost hits you!
Evoke which item? (* to show all) (? for menu, Esc to quit)
Zapping:
x - a wand of slowing (28/48)
Press: ? - help, Shift-Dir - straight line, f/p - tidbits's ghost
Aim: tidbits's ghost (moderately damaged, chance to defeat MR: 34%) Tidbits's ghost easily resists.
This wand has 27 charges left.
Tidbits's ghost hits you.
* * * LOW HITPOINT WARNING * * *
Evoke which item? (* to show all) (? for menu, Esc to quit)
Zapping:
x - a wand of slowing (27/48)
Press: ? - help, Shift-Dir - straight line, f/p - tidbits's ghost
Aim: tidbits's ghost (moderately damaged, chance to defeat MR: 34%) Tidbits's ghost easily resists.
This wand has 26 charges left.
You feel sick. Tidbits's ghost hits you.
* * * LOW HITPOINT WARNING * * *
Evoke which item? (* to show all) (? for menu, Esc to quit)
Zapping:
x - a wand of slowing (26/48)
Press: ? - help, Shift-Dir - straight line, f/p - tidbits's ghost
Aim: tidbits's ghost (moderately damaged, chance to defeat MR: 34%) Tidbits's ghost easily resists.
This wand has 25 charges left.
Tidbits's ghost whispers, "They're coming for you..."
Tidbits's ghost misses you.
You riposte.
You closely miss tidbits's ghost.
Tidbits's ghost is moderately damaged.
Evoke which item? (* to show all) (? for menu, Esc to quit)
Zapping:
x - a wand of slowing (25/48)
Press: ? - help, Shift-Dir - straight line, f/p - tidbits's ghost
Aim: tidbits's ghost (moderately damaged, chance to defeat MR: 34%) Tidbits's ghost easily resists.
This wand has 24 charges left.
Tidbits's ghost hits you!
You die...

##### .#... ...# #
#<.. ..##.#..#
.......o# ..# #.# ..
.# #.#####†# . .#
#....@W.# ###.
#######.# ....
#########.#
...#######.........#
##.......#.##.##.###
##..#.........##.#
......##.#.#####.#
##..####.#... ..#
##..####.##### ###


You could see tidbits's ghost.

Vanquished Creatures
  A scorpion (D:5)
  Ijyb (D:3)
  An iguana (D:4)
  A hound zombie (D:5)
  A worker ant zombie (D:5)
  Robin (D:3)
  4 adders
  An ooze (D:3)
  A leopard gecko (D:3)
  6 orcs
  3 bats
  12 goblins
  5 hobgoblins
  3 jackals (D:3)
  A ball python (D:5)
  2 frilled lizards
  A jackal skeleton (D:5)
  3 kobolds (D:3)
  A quokka skeleton (D:5)
  5 rats
54 creatures vanquished.

Notes
Turn   | Place    | Note
-------+----------+-------------------------------------------
     0 | D:1      | tidbits the High Elf Wanderer began the quest for the Orb.
     0 | D:1      | tidbits set off with: a +0 leather armour, 3 throwing nets {!f}, Vehumet's Volume of Attacks, a scroll of teleportation, a +0 dagger, a bread ration
     0 | D:1      | Reached XP level 1. HP: 14/14 MP: 3/3
     0 | D:1      | Identified Vehumet's Volume of Attacks
   253 | D:2      | Reached XP level 2. HP: 19/20 MP: 4/4
   332 | D:3      | Found a hazy altar of Hepliaklqana.
   422 | D:3      | Noticed Robin
   423 | D:3      | Reached skill level 3 in Fighting
   445 | D:3      | Reached XP level 3. HP: 15/26 MP: 5/5
   460 | D:3      | Killed Robin
   460 | D:3      | Reached skill level 2 in Dodging
   638 | D:4      | Found a shattered altar of Ashenzari.
   641 | D:4      | Found a deep blue altar of Sif Muna.
   689 | D:5      | Entered Level 5 of the Dungeon
   809 | D:3      | Noticed Ijyb
   826 | D:3      | Killed Ijyb
   826 | D:3      | Reached skill level 4 in Fighting
   826 | D:3      | Reached XP level 4. HP: 27/33 MP: 6/6
   948 | D:4      | Reached skill level 3 in Dodging
  1129 | D:4      | Reached XP level 5. HP: 29/38 MP: 7/7
  1133 | D:4      | Found a hide-covered altar of Uskayaw.
  1145 | D:4      | Became a worshipper of Uskayaw the Reveler
  1209 | D:5      | Reached * piety under Uskayaw
  1320 | D:5      | Noticed tidbits's ghost (amateur HEWn)
  1341 | D:5      | Reached skill level 1 in Long Blades
  1342 | D:5      | Reached ** piety under Uskayaw
  1346 | D:5      | Reached *** piety under Uskayaw
  1351 | D:5      | Reached skill level 2 in Long Blades
  1360 | D:5      | Slain by tidbits's ghost

Skill      XL: |  1  2  3  4  5 |
---------------+----------------+-----
Fighting       | 3 4 |  4.4
Dodging        | 2 3 |  3.5
Long Blades    | 2 |  2.6
Short Blades   | |  2.4
Stealth        | |  2.1
Spellcasting   | |  1.2
Charms         | |  1.2
Earth Magic    | |  1.0

Action                   |  1- 3 |  4- 6 || total
-------------------------+-------+-------++-------
Melee: Dagger            |    30 |       ||    30
       Rapier            |   110 |    56 ||   166
       Great sword       |       |    28 ||    28
Throw: Throwing net      |     1 |       ||     1
Evoke: Wand              |       |     9 ||     9
  Use: Scroll            |     4 |     1 ||     5
       Potion            |       |     1 ||     1
 Stab: Sleeping          |     2 |     1 ||     3
       Distracted        |     1 |       ||     1
       Held in net/web   |     1 |       ||     1
       Paralysed         |       |     1 ||     1
  Eat: Chunk             |       |     1 ||     1
Armor: Leather armour    |     5 |       ||     5
       Ring mail         |    58 |    33 ||    91
Dodge: Dodged            |    79 |    65 ||   144
       Rpst.: Great sword |       |    10 ||    10

Table legend:
 A = Turns spent in this place as a percentage of turns spent in the entire game.
 B = Non-inter-level travel turns spent in this place as a percentage of non-inter-level travel turns spent in the entire game.
 C = Inter-level travel turns spent in this place as a percentage of turns spent in this place.
 D = Turns resting spent in this place as a percentage of non-inter-level travel turns spent in this place.
 E = Turns spent auto-exploring this place as a percentage of non-inter-level travel turns spent in this place.
 F = Non-inter-level travel turns spent in this place divided by the number of levels of this place that you've seen.
                   A       B       C       D       E      F
               +-------+-------+-------+-------+-------+----------------------
         Total | 100.0 | 100.0 |   0.0 |   0.0 |   0.0 | 246.2
       Dungeon | 100.0 | 100.0 |   0.0 |   0.0 |   0.0 | 246.2
               +-------+-------+-------+-------+-------+----------------------

Table legend:
 A = Kills in this place as a percentage of kills in entire the game.
 B = Kills by you in this place as a percentage of kills by you in the entire game.
 C = Kills by friends in this place as a percentage of kills by friends in the entire game.
 D = Other kills in this place as a percentage of other kills in the entire game.
 E = Experience gained in this place as a percentage of experience gained in the entire game.
 F = Experience gained in this place divided by the number of levels of this place that you have seen.
                   A       B       C       D       E      F
               +-------+-------+-------+-------+-------+----------------------
         Total | 100.0 | 100.0 |  -nan |  -nan | 100.0 |  66.8
       Dungeon | 100.0 | 100.0 |  -nan |  -nan | 100.0 |  66.8
               +-------+-------+-------+-------+-------+----------------------

Vault maps used:
D:1:      doesnt_arrival_goblin_jail
D:3:      overflow_temple_1_default, uniq_jessica, uniq_iyjb, uniq_robin
D:4:      minmay_wonky_spiral, nicolae_overflow_hidden_temple,
          eat_drink_and_be_merry_uskayaw, first_bread
D:5:      nicolae_ru_great_annihilating_truth
